 Dungeon Crawl Stone Soup version 0.17-a0-1404-gb8113a6 (webtiles) character file.

117 Fluffy the Slasher (level 4, -9/33 HPs)
             Began as a Demonspawn Gladiator on June 21, 2015.
             Killed by nerve-wracking pain
             ... invoked by Grinder
              (11 damage)
             ... on level 3 of the Dungeon.
             The game lasted 00:04:39 (2067 turns).

Fluffy the Slasher (Demonspawn Gladiator)           Turns: 2067, Time: 00:04:39

Health: -9/33      AC:  9    Str: 15    XL:     4   Next: 71%
Magic:  4/4        EV: 11    Int: 15    God:
Gold:   136        SH:  0    Dex: 14    Spells: 0 memorised, 3 levels left

rFire  . . .     SeeInvis .     a - +0 long sword
rCold  . . .     Clarity  .     i - +0 ring mail
rNeg   . . .     SustAt   .     (no shield)
rPois  .         Gourm    .     c - +1 helmet
rElec  .         Spirit   .     (no cloak)
rCorr  .         Warding  .     (no gloves)
rMut   .         Stasis   .     m - +0 pair of boots
MR     .....                    (no amulet)
Stlth  +++.......               (no ring)
                                f - ring of stealth

@: brilliant, very slightly contaminated, invisible, not resistant to hostile
enchantments, fairly stealthy
A: hooves 1, molten scales 1, nightstalker 1
a: no special abilities


You were on level 3 of the Dungeon.
You were not hungry.

You visited 1 branch of the dungeon, and saw 3 of its levels.

You collected 136 gold pieces.

Inventory:

Hand weapons
 a - a +0 long sword (weapon)
Missiles
 d - 3 throwing nets (quivered)
Armour
 c - a +1 helmet (worn)
 i - a +0 ring mail (worn)
 m - a +0 pair of boots (worn)
Jewellery
 f - a ring of stealth (left hand)
Scrolls
 h - 2 scrolls of identify {unknown}
 j - a scroll of random uselessness {unknown}
 k - 2 scrolls of enchant weapon {unknown}
 o - a scroll of remove curse {unknown}
 p - a scroll of recharging {unknown}
Comestibles
 e - a bread ration
 g - a royal jelly
 r - a meat ration


   Skills:
 - Level 2.0 Fighting
 + Level 5.0 Long Blades
 - Level 1.7 Throwing
 - Level 2.6 Dodging


You had 3 spell levels left.
You didn't know any spells.

Dungeon Overview and Level Annotations

Branches:
Dungeon (3/15)

Altars:
Sif Muna

Annotations:
D:3 Grinder


Innate Abilities, Weirdness & Mutations

You have large cloven feet.
You are partially covered in molten scales (AC +1).
You are slightly more attuned to the shadows.


Message History

Drink which item? (? for menu, Esc to quit)
It was a potion of curing.
You feel better.
You barely miss Grinder.
Grinder is moderately wounded.
Grinder hits you.
* * * LOW HITPOINT WARNING * * *
You writhe in agony.
* * * LOW HITPOINT WARNING * * *
You aren't carrying any potions.
Read which item? (? for menu, Esc to quit)
As you read the scroll labeled HENLIS DEOVITH, it crumbles to dust.
It is a scroll of enchant armour.
Enchant which item? (? for menu, Esc to quit)
Your +0 helmet glows green for a moment.
Grinder closely misses you.
You barely miss Grinder.
Grinder is moderately wounded.
Grinder gestures at you. Pain shoots through your body!
You die...

#.....#
#.....#
#.....#
#....####.#
#.........#
#######.#####
... #.#
#.###.#
#.@...#
#..5....#
+.......#
#.........
#.......#.#
...#######.#
##. .


You could see Grinder.

Vanquished Creatures
  Robin (D:2)
  4 adders
  A worm (D:3)
  A giant gecko (D:1)
  2 ball pythons
  3 bats
  4 giant cockroaches
  7 hobgoblins
  6 jackals
  A giant newt (D:1)
  18 goblins
  9 kobolds
  7 rats
64 creatures vanquished.

Notes
Turn   | Place    | Note
--------------------------------------------------------------
     0 | D:1      | Fluffy the Demonspawn Gladiator began the quest for the Orb.
     0 | D:1      | Reached XP level 1. HP: 16/16 MP: 1/1
   116 | D:1      | Reached skill level 3 in Long Blades
   131 | D:1      | Gained mutation: You are slightly more attuned to the shadows. [demonic ancestry]
   131 | D:1      | Reached XP level 2. HP: 13/22 MP: 2/2
   910 | D:2      | Noticed Robin
   946 | D:2      | Gained mutation: You are partially covered in molten scales (AC +1). [demonic ancestry]
   946 | D:2      | Reached XP level 3. HP: 18/27 MP: 3/3
  1032 | D:2      | Killed Robin
  1032 | D:2      | Reached skill level 4 in Long Blades
  1513 | D:2      | Gained mutation: You have large cloven feet. [demonic ancestry]
  1513 | D:2      | Reached XP level 4. HP: 33/33 MP: 4/4
  1684 | D:2      | Found a deep blue altar of Sif Muna.
  2054 | D:3      | Noticed Grinder
  2057 | D:3      | Reached skill level 5 in Long Blades
  2067 | D:3      | Killed from afar by Grinder

Vault maps used:
D:1:      lemuel_arrival_muddy, minmay_misc_feat_rows, minivault_25
D:2:      led_sif_pool, uniq_robin
D:3:      uniq_grinder, uniq_terence

Action                   |  1- 3 |  4- 6 || total
-------------------------+-------+-------++-------
Melee: Long sword        |   147 |    59 ||   206
  Use: Potion            |     1 |     3 ||     4
       Scroll            |       |     1 ||     1
 Stab: Sleeping          |     8 |     3 ||    11
       Distracted        |       |     2 ||     2
  Eat: Chunk             |     2 |     2 ||     4
